 Dungeon Sprint DCSS version 0.31-a0-667-g39726597b9 (webtiles) character file.

Game seed: 11082895364826078558

475 sircluck the Spear-Bearer (level 6, -8/64 HPs)
             Began as a Minotaur Chaos Knight on Sept 3, 2023.
             Was a Plaything of Xom.
             Killed from afar by a deep elf pyromancer (26 damage)
             ... with a bolt of fire
             ... in the Dungeon (Sprint III: "The Ten Rune Challenge").
             The game lasted 00:01:19 (638 turns).

sircluck the Spear-Bearer (Minotaur Chaos Knight)    Turns: 638, Time: 00:01:20

Health: -8/64      AC:  8    Str: 18    XL:     6   Next: 84%
Magic:  5/5        EV: 14    Int:  9    God:    Xom [...*..]
Gold:   21         SH:  0    Dex: 10    Spells: 5/5 levels left

rFire   . . .        a - +0 spear (chaos)
rCold   . . .        (no shield)
rNeg    . . .        b - +2 leather armour
rPois   +            (helmet restricted)
rElec   .            (no cloak)
rCorr   .            (no gloves)
SInv    .            (no boots)
Will    .....        (no amulet)
Stlth   +            (no ring)
HPRegen 0.30/turn    (no ring)
MPRegen 0.09/turn

%: no teleportation
@: no status effects
A: horns 2, retaliatory headbutt, iridescent scales 1, poison resistance
a: Renounce Religion


You were in the Dungeon.
You worshipped Xom.
You were a favourite toy of Xom.
You visited 1 branch You collected 21 gold pieces.

Inventory:

Hand Weapons
 a - a +0 spear of chaos (weapon)
Armour
 b - a +2 leather armour (worn)
Wands
 p - a wand of flame (22)
Scrolls
 c - a scroll of butterflies
 i - a scroll of blinking
 j - a scroll of brand weapon {unknown}
 l - a scroll of poison {unknown}
 m - a scroll of enchant armour {unknown}
 o - 2 scrolls of immolation {unknown}
Potions
 d - 2 potions of curing
 e - a potion of heal wounds
 f - a potion of haste
 g - 2 potions of magic
 h - a potion of berserk rage
 k - 3 potions of mutation
 n - 2 potions of enlightenment {unknown}


   Skills:
 + Level 9.5 Fighting
 + Level 9.6 Polearms
 + Level 9.2 Armour
 + Level 8.1 Dodging


You had 5 spell levels left.
You didn't know any spells.
Your spell library contained the following spells:

 Spells                   Type           Power      Damage    Failure   Level
 Call Canine Familiar     Summ           0%         N/A       80%         3
 Hailstorm                Conj/Ice       0%         3d3       80%         3
 Portal Projectile        Hex/Tloc       0%         N/A       80%         3
 Leda's Liquefaction      Hex/Erth       0%         N/A       99%         4
 Summon Ice Beast         Ice/Summ       0%         N/A       99%         4
 Simulacrum               Ice/Necr       0%         N/A       100%        6


Dungeon Overview and Level Annotations

Branches:
Dungeon (1/1)

Altars:
Dithmenos
Elyvilon
Kikubaaqudgha
Okawaru
Ru
Sif Muna
Trog
Uskayaw
Vehumet
Wu Jian
Yredelemnul
Zin
The Shining One


Innate Abilities, Weirdness & Mutations

You have a pair of horns on your head.
You reflexively headbutt those who attack you in melee.
You are partially covered in iridescent scales. (AC +2)
Your system is resistant to poisons. (rPois)


Message History

Found three altars.
No target in view!
A deep elf pyromancer comes into view.
It is wielding a +2 long sword of holy wrath.
Found a potion of heal wounds.
The deep elf pyromancer shouts!
There is an open door here.
You closely miss the deep elf pyromancer.
You headbutt the deep elf pyromancer!
The deep elf pyromancer is moderately wounded.
You miss the deep elf pyromancer.
Your headbutt misses the deep elf pyromancer.
The deep elf pyromancer is moderately wounded.
The deep elf pyromancer gestures wildly while chanting.
You hit the deep elf pyromancer.
The deep elf pyromancer seems to grow stronger.
The deep elf pyromancer is moderately wounded.
Xom titters.
You hit the deep elf pyromancer. You drain the deep elf pyromancer.
The deep elf pyromancer is heavily wounded.
The fire elemental hits you. The fire elemental burns you!
The deep elf pyromancer hits you with a +2 long sword of holy wrath!
You completely miss the deep elf pyromancer.
The deep elf pyromancer is heavily wounded.
The fire elemental hits you. The fire elemental burns you!
The fire elemental barely misses you. You furiously retaliate!
You headbutt the fire elemental.
The deep elf pyromancer hits you with a +2 long sword of holy wrath!
* * * LOW HITPOINT WARNING * * *
You are too injured to fight recklessly!
You hit the deep elf pyromancer but do no damage.
The deep elf pyromancer is heavily wounded.
The fire elemental closely misses you. x2; You furiously retaliate!
You headbutt the fire elemental! You hit the deep elf pyromancer.
The deep elf pyromancer is poisoned.
Your headbutt misses the deep elf pyromancer.
The deep elf pyromancer is severely wounded.
The deep elf pyromancer casts a spell at you.
The bolt of fire hits you!!
You die...
Xom laughs nastily!

▓▓▓▓ ▓▓▓ ...####
##.############
......#####..#_○_#___#__#
...†...#..#..#!eE#__.#._#
#.##...#..#..###@#'###)##
#.###..##'#..#...E......#
##.##..###...'.⌠......).#
..##.†####...#...######+#
..##..###....#.⌠.#
.##...##.....#...#
##....#......#)###
##..##.#.....#...#
#..#####....#___#


You could see a deep elf pyromancer (strong, very poisoned, drained) and 2 fire
elementals.

Vanquished Creatures
  A water elemental (D)
  A necrophage (D)
  A wizard (D)
  A necromancer (D)
  3 humans (D)
  A kobold demonologist (D)
  A phantom (D)
  4 rats (D)
13 creatures vanquished.

Notes
Turn   | Place    | Note
-------+----------+-------------------------------------------
     0 | D        | sircluck the Minotaur Chaos Knight began the quest for the
                  | Orb.
     0 | D        | Reached XP level 1. HP: 19/19 MP: 0/0
    10 | D        | XOM: silly message
    49 | D        | XOM: potion effect (invisibility)
    59 | D        | Reached skill level 5 in Fighting
    59 | D        | Reached skill level 5 in Polearms
    59 | D        | Reached XP level 2. HP: 23/29 MP: 1/1
    74 | D        | Gained mutation: Your body sometimes deteriorates upon
                  | taking damage. [potion of mutation]
    74 | D        | Gained mutation: You are dopey. (Int -2) [potion of
                  | mutation]
    74 | D        | Gained mutation: You have an increased reservoir of magic.
                  | (+10% MP) [potion of mutation]
    74 | D        | Gained mutation: Your system is resistant to poisons.
                  | (rPois) [potion of mutation]
    75 | D        | Lost mutation: You are dopey. (Int -2) [potion of mutation]
    75 | D        | Lost mutation: Your body sometimes deteriorates upon taking
                  | damage. [potion of mutation]
    75 | D        | Lost mutation: You have an increased reservoir of magic.
                  | (+10% MP) [potion of mutation]
    75 | D        | Gained mutation: You are partially covered in iridescent
                  | scales. (AC +2) [potion of mutation]
    87 | D        | Noticed a water elemental
   103 | D        | Killed a water elemental
   104 | D        | Reached skill level 5 in Armour
   104 | D        | Reached XP level 3. HP: 3/37 MP: 2/2
   104 | D        | Reached XP level 4. HP: 4/44 MP: 3/3
   254 | D        | Found a radiant altar of Vehumet.
   254 | D        | Found a shimmering blue altar of Sif Muna.
   254 | D        | Found an ancient bone altar of Kikubaaqudgha.
   254 | D        | Noticed a wizard
   261 | D        | XOM: cast spell 'Summon Hydra'
   263 | D        | Killed a wizard
   270 | D        | XOM: confusion (+ monsters)
   271 | D        | Reached skill level 5 in Dodging
   298 | D        | Found a basalt altar of Yredelemnul.
   298 | D        | Found a shadowy altar of Dithmenos.
   298 | D        | Found a sacrificial altar of Ru.
   298 | D        | Noticed a necrophage
   305 | D        | Reached XP level 5. HP: 4/52 MP: 4/4
   307 | D        | HP: 2/52 [necrophage (3)]
   490 | D        | Found a hide-covered altar of Uskayaw.
   490 | D        | Found an iron altar of Okawaru.
   490 | D        | Found a bloodstained altar of Trog.
   490 | D        | Found an ornate altar of the Wu Jian Council.
   490 | D        | Noticed a human
   491 | D        | Noticed a human
   492 | D        | XOM: silly message
   495 | D        | Killed a human
   496 | D        | Reached XP level 6. HP: 55/62 MP: 5/5
   500 | D        | XOM: confusion (+ monsters)
   505 | D        | XOM: cast spell 'Leda's Liquefaction'
   506 | D        | XOM: blink monster(s)
   516 | D        | Killed a human
   630 | D        | Found a glowing silver altar of Zin.
   630 | D        | Found a glowing golden altar of the Shining One.
   630 | D        | Found a white marble altar of Elyvilon.
   631 | D        | Noticed a deep elf pyromancer
   634 | D        | Noticed a fire elemental
   634 | D        | Noticed a fire elemental
   634 | D        | XOM: confuse monster(s)
   638 | D        | Killed from afar by a deep elf pyromancer

Illustrated notes

Levels and vault maps discovered:
D:        dungeon_sprint_mu [sprint_mu_entry_cave, sprint_mu_temple_rooms,
          sprint_mu_d1_spiders, sprint_mu_d2_genie, sprint_mu_d3_branching,
          sprint_mu_orc_legion, sprint_mu_elf_gauntlet, sprint_mu_hive_nellie,
          sprint_mu_lair_fedhas, sprint_mu_vaults_butterflies,
          sprint_mu_slime_circle, sprint_mu_shoals_archi,
          sprint_mu_snake_twists, sprint_mu_blade_basic,
          sprint_mu_crypt_chambers, sprint_mu_tomb_spiral,
          sprint_mu_vestibule_basic, sprint_mu_gehenna_hellfire,
          sprint_mu_dis_giant, sprint_mu_tartarus_statrot,
          sprint_mu_cocytus_islands, sprint_mu_zot1]

Skill      XL: |  1  2  3  4  5  6 |
---------------+-------------------+-----
Fighting       | 5 6 7 8 9 |  9.5
Polearms       | 5 6 7 8 9 |  9.6
Armour         | 4 5 6 8 9 |  9.2
Dodging        | 3 4 5 7 8 |  8.1

Action                     |  1- 3 |  4- 6 || total
---------------------------+-------+-------++-------
  Melee: Spear             |    30 |    52 ||    82
         Headbutt          |     6 |    10 ||    16
    Use: Potion            |     2 |       ||     2
   Stab: Invisible         |     4 |       ||     4
         Paralysed         |     2 |       ||     2
 Armour: Leather armour    |     7 |    30 ||    37
  Dodge: Dodged            |     6 |    15 ||    21

Table legend: (Time is in decaauts)
 A = Elapsed time spent in this place.
 B = Non-inter-level travel time spent in this place.
 C = Inter-level travel time spent in this place.
 D = Time resting spent in this place.
 E = Time spent auto-exploring this place.
 F = Levels seen in this place.
 G = Mean time per level.
                   A        B        C        D        E       F      G
               +--------+--------+--------+--------+--------+-----+--------+
         Total |    622 |    622 |      0 |    417 |     43 |   1 |  622.0 |
       Dungeon |    622 |    622 |      0 |    417 |     43 |   1 |  622.0 |
               +--------+--------+--------+--------+--------+-----+--------+

Top non-repeatable levels by time:
       D: 622 daAuts
